[ PARTIDA AOE2 · #497609070 ]
UnrankedPersas vs Celts
Equipo del jugador · VICT
Equipo rival · DERR
[ ANÁLISIS DE REPETICIÓN · EXTRAÍDO DE LA PARTIDA GRABADA ]
Feudal
10:55
Castillos
14:17
Imperial
—
| APM promedio | 48.7 |
| APM pico | 73 |
| eAPM promedio | 18.1 |
| Aldeanos / militares | 35 / 9 |
Foco
⚔️ 38.5% · 🌾 61.5%
Fishing Ship ×7 · Knight ×6 · Scout Cavalry ×3
Feudal
9:40
Castillos
13:19
Imperial
—
| APM promedio | 55.6 |
| APM pico | 87 |
| eAPM promedio | 14.7 |
| Aldeanos / militares | 28 / 8 |
Foco
⚔️ 34.2% · 🌾 65.8%
Scorpion ×7 · Monk ×1
Mapa de la partida
Recursos iniciales + cada clic de construcción. Líneas = muros · curvas = relieve. ◆ oro · ⬟ piedra · ● bayas · ✦ reliquia · ◌ hueco del cierre
Tu base· Abierta — flanco sin cerrar
Base de LM | Scogx· Abierta — hueco de 4t
Terreno inicial suavizado · ◌ = hueco del cierre detectado · pasá el cursor para detalles
Inputs por minuto
— Orca17 - - LM | Scogx
Build order — Orca17
83 acciones detectadas en el replay
| 0:01 | Encolar | Villager (Male) |
| 0:01 | Encolar | Villager (Male) |
| 0:02 | Encolar | Villager (Male) |
| 0:02 | Encolar | Villager (Male) |
| 0:03 | Construir | House |
| 0:04 | Construir | House |
| 0:36 | Encolar | Villager (Male) |
| 0:36 | Encolar | Villager (Male) |
| 1:26 | Encolar | Villager (Male) |
| 1:27 | Encolar | Villager (Male) |
| 2:01 | Encolar | Villager (Male) |
| 2:01 | Encolar | Villager (Male) |
| 2:12 | Construir | Lumber Camp |
| 2:42 | Encolar | Villager (Male) |
| 2:58 | Encolar | Villager (Male) |
| 3:22 | Encolar | Villager (Male) |
| 3:29 | Construir | House |
| 4:00 | Encolar | Villager (Male) |
| 4:02 | Construir | Dock |
| 4:42 | Encolar | Fishing Ship |
| 4:53 | Encolar | Villager (Male) |
| 4:53 | Encolar | Villager (Male) |
| 5:09 | Construir | House |
| 5:20 | Encolar | Villager (Male) |
| 5:25 | Encolar | Fishing Ship |
| 5:38 | Encolar | Villager (Male) |
| 5:38 | Investigar | Loom |
| 5:44 | Encolar | Villager (Male) |
| 6:06 | Encolar | Fishing Ship |
| 6:10 | Construir | House |
| 6:39 | Encolar | Villager (Male) |
| 6:54 | Encolar | Villager (Male) |
| 6:58 | Encolar | Fishing Ship |
| 7:22 | Encolar | Villager (Male) |
| 7:23 | Encolar | Villager (Male) |
| 7:37 | Construir | Lumber Camp |
| 7:52 | Construir | House |
| 8:08 | Investigar | Loom |
| 8:08 | Investigar | Feudal Age |
| 8:46 | Construir | Dock |
| 9:12 | Construir | Mining Camp |
| 9:45 | Construir | Barracks |
| 10:34 | Encolar | Villager (Male) |
| 10:34 | Encolar | Villager (Male) |
| 10:55 | Edad | Edad Feudal |
| 10:57 | Construir | Stable |
| 11:01 | Construir | Blacksmith |
| 11:14 | Encolar | Villager (Male) |
| 11:30 | Construir | Mill |
| 11:51 | Investigar | Castle Age |
| 12:13 | Encolar | Scout Cavalry |
| 12:19 | Construir | Dock |
| 12:41 | Encolar | Scout Cavalry |
| 13:31 | Encolar | Fishing Ship |
| 13:31 | Encolar | Fishing Ship |
| 13:32 | Encolar | Fishing Ship |
| 13:50 | Encolar | Scout Cavalry |
| 13:56 | Construir | House |
| 14:17 | Edad | Edad de los Castillos |
| 14:18 | Investigar | Scale Barding Armor |
| 14:21 | Encolar | Knight |
| 14:29 | Construir | Stable |
| 14:30 | Encolar | Villager (Male) |
| 14:47 | Encolar | Knight |
| 14:54 | Encolar | Villager (Male) |
| 15:01 | Construir | House |
| 15:07 | Encolar | Villager (Male) |
| 15:14 | Construir | Farm |
| 15:16 | Construir | Farm |
| 15:22 | Encolar | Knight |
| 15:26 | Construir | House |
| 15:26 | Construir | House |
| 15:33 | Encolar | Villager (Male) |
| 15:39 | Construir | Farm |
| 15:40 | Encolar | Villager (Male) |
| 15:45 | Encolar | Knight |
| 15:59 | Construir | Farm |
| 16:01 | Encolar | Villager (Male) |
| 16:04 | Encolar | Knight |
| 16:20 | Encolar | Villager (Male) |
| 16:32 | Encolar | Villager (Male) |
| 16:32 | Encolar | Villager (Male) |
| 16:35 | Encolar | Knight |
Build order — LM | Scogx
71 acciones detectadas en el replay
| 0:00 | Encolar | Villager (Male) |
| 0:00 | Encolar | Villager (Male) |
| 0:01 | Encolar | Villager (Male) |
| 0:02 | Construir | House |
| 0:03 | Construir | House |
| 0:09 | Encolar | Villager (Male) |
| 1:12 | Encolar | Villager (Male) |
| 1:54 | Encolar | Villager (Male) |
| 2:20 | Construir | Lumber Camp |
| 2:24 | Construir | Lumber Camp |
| 2:26 | Encolar | Villager (Male) |
| 2:48 | Encolar | Villager (Male) |
| 3:13 | Encolar | Villager (Male) |
| 3:35 | Encolar | Villager (Male) |
| 3:38 | Encolar | Villager (Male) |
| 3:52 | Construir | House |
| 4:19 | Encolar | Villager (Male) |
| 4:55 | Encolar | Villager (Male) |
| 5:05 | Construir | Palisade Wall |
| 5:06 | Construir | Palisade Wall |
| 5:07 | Construir | Palisade Wall |
| 5:07 | Construir | Palisade Wall |
| 5:11 | Construir | Palisade Wall |
| 5:16 | Encolar | Villager (Male) |
| 5:29 | Construir | Mill |
| 5:31 | Encolar | Villager (Male) |
| 5:37 | Encolar | Villager (Male) |
| 5:58 | Construir | House |
| 6:20 | Encolar | Villager (Male) |
| 6:27 | Investigar | Loom |
| 6:45 | Encolar | Villager (Male) |
| 7:01 | Construir | Mining Camp |
| 7:24 | Investigar | Feudal Age |
| 8:40 | Encolar | Villager (Male) |
| 8:40 | Encolar | Villager (Male) |
| 9:22 | Encolar | Villager (Male) |
| 9:40 | Edad | Edad Feudal |
| 9:49 | Construir | Market |
| 9:51 | Construir | Blacksmith |
| 10:39 | Investigar | Castle Age |
| 11:01 | Construir | House |
| 11:18 | Encolar | Villager (Male) |
| 11:47 | Investigar | Double-Bit Axe |
| 13:19 | Edad | Edad de los Castillos |
| 13:24 | Construir | Siege Workshop |
| 13:28 | Construir | Siege Workshop |
| 13:34 | Encolar | Villager (Male) |
| 13:41 | Construir | Barracks |
| 13:50 | Construir | Palisade Wall |
| 13:51 | Construir | Palisade Wall |
| 13:52 | Construir | Palisade Wall |
| 13:55 | Encolar | Villager (Male) |
| 14:11 | Construir | Palisade Wall |
| 14:13 | Construir | Palisade Wall |
| 14:14 | Encolar | Scorpion |
| 14:15 | Construir | Palisade Wall |
| 14:22 | Encolar | Villager (Male) |
| 14:27 | Construir | Monastery |
| 14:36 | Encolar | Scorpion |
| 14:37 | Encolar | Villager (Male) |
| 14:40 | Construir | House |
| 14:42 | Encolar | Scorpion |
| 14:42 | Encolar | Scorpion |
| 14:57 | Encolar | Scorpion |
| 15:01 | Construir | House |
| 15:08 | Encolar | Monk |
| 15:22 | Encolar | Scorpion |
| 15:27 | Encolar | Villager (Male) |
| 15:42 | Encolar | Scorpion |
| 16:00 | Encolar | Villager (Male) |
| 16:24 | Construir | Palisade Gate |
Cronología de la partida
| 4:02 | Orca17 · first_building Dock |
| 5:05 | LM | Scogx · wall_segment Palisade Wall x1 |
| 5:06 | LM | Scogx · wall_segment Palisade Wall x1 |
| 5:07 | LM | Scogx · wall_segment Palisade Wall x1 |
| 5:07 | LM | Scogx · wall_segment Palisade Wall x1 |
| 5:11 | LM | Scogx · wall_segment Palisade Wall x1 |
| 9:40 | LM | Scogx · age_up feudal |
| 9:45 | Orca17 · first_building Barracks |
| 10:36 | LM | Scogx · first_market_sell 100 stone |
| 10:55 | Orca17 · age_up feudal |
| 10:57 | Orca17 · first_building Stable |
| 12:16 | LM | Scogx · first_market_buy 100 wood |
| 13:19 | LM | Scogx · age_up castle |
| 13:24 | LM | Scogx · first_building Siege Workshop |
| 13:41 | LM | Scogx · first_building Barracks |
| 13:50 | LM | Scogx · wall_segment Palisade Wall x1 |
| 13:51 | LM | Scogx · wall_segment Palisade Wall x1 |
| 13:52 | LM | Scogx · wall_segment Palisade Wall x1 |
| 14:11 | LM | Scogx · wall_segment Palisade Wall x1 |
| 14:13 | LM | Scogx · wall_segment Palisade Wall x1 |
| 14:15 | LM | Scogx · wall_segment Palisade Wall x1 |
| 14:17 | Orca17 · age_up castle |
| 14:27 | LM | Scogx · first_building Monastery |
| 16:38 | LM | Scogx · resign |
[ ANÁLISIS IA · 1 CRÉDITO ]
¿Qué pasó realmente en esta partida?
Wolo.gg analiza cada decisión: build order, eco, micro, errores típicos por bracket. Análisis personalizado por WhatsApp o Discord en 30 segundos.
Guía civ
Persas
Perfil
Jugador #10908042